AoeStats
← s6elhore

Four Lakes

509609592Analyzed
1v1 RM · 6d ago on Sep 27, 2026· 29m 34s· 2 players
Game mode
Random Map
Map size
Tiny (2 player)
Population
200
Speed
Normal
Resources
Standard
Victory
Conquest
Starting age
Dark Age
Ending age
Imperial Age
RankedLock teamsTeams togetherTeam positionsShared explorationLock speedFull tech treeHidden civsTurbo modeCheats
Victory
Defeat
🇺🇸 Romans · United States
561
+15
🇩🇪 Khmer · Germany
530
-15
s6elhore
11:08 Feudal Age
15:16 Castle Age
13:51 Double-Bit Axe
14:28 Horse Collar
15:20 Gold Mining
20:16 Bow Saw
20:44 Stone Mining
22:28 Heavy Plow
23:51 Man-at-Arms
25:51 Long Swordsman
28:26 Forging
28:17 Scale Mail Armor
tedqb7
10:27 Feudal Age
10:56 Double-Bit Axe
11:53 Wheelbarrow
11:49 Horse Collar
14:47 Fishing Lines
17:47 Gold Mining
18:13 Forging
18:04 Scale Mail Armor
17:29 Man-at-Arms
21:21 Castle Age
19:45 Scale Mail Armor
19:38 Man-at-Arms
20:57 Forging
21:55 Long Swordsman
24:01 Iron Casting
23:30 Gillnets
24:06 Chain Mail Armor
25:02 Squires
Connection lost

Rejoining the realm…

Still unreachable

The connection could not be restored.

Session expired

The server has moved on; the page needs a fresh start.